Map: Kairos Junction LE

Players

YodaSlim

  • Race: Protoss Protoss
  • League: Diamond
  • Spawn Location: 5:00

SandboX - Winner!

  • Race: Zerg Zerg
  • League: Gold
  • Spawn Location: 11:00

VOD

Have the link to the VOD?

Description

Time

  • Played on: Aug. 10, 2019, 4:25 p.m.
  • Length: 12:19
Show
View Real Time Build Order
Export as new Build Order

YodaSlim Protoss 

Build Orders: Chargelot Immortal 

Get SALT Encoding   

  1  0:00  Probe  
  13  0:07  Probe  
  14  0:18  Probe  
  15  0:26  Pylon  
  15  0:44  Probe, Gateway  
  16  0:56  Probe, Pylon  
  17  1:00  Assimilator  
  17  1:08  Probe  
  18  1:19  Probe  
  19  1:27  Probe  
  19  1:32  Cybernetics Core  
  20  1:34  Zealot  
  22  2:03  Probe  
  22  2:08  Assimilator  
  23  2:14  Robotics Facility  
  23  2:15  Probe  
  23  2:19  Adept  
  26  2:27  Probe  
  27  2:33  Nexus  
  26  2:49  Gateway  
  26  2:52  Adept  
  26  2:54  Probe  
  29  3:06  Probe  
  30  3:14  Shield Battery  
  30  3:19  Pylon  
  30  3:25  Observer  
  31  3:31  Probe  
  31  3:39  Adept  
  32  3:41  Probe  
  33  3:53  Probe  
  34  3:55  Probe  
  34  3:59  Pylon  
  35  4:03  Pylon  
  35  4:04  Probe  
  35  4:05  Probe  
  37  4:13  Probe  
  38  4:24  Probe  
  38  4:25  Probe  
  40  4:36  Probe  
  40  4:37  Probe  
  41  4:49  Probe x2  
  41  4:55  Warp Prism  
  39  5:01  Probe  
  42  5:07  Gateway  
  42  5:09  Gateway  
  42  5:10  Gateway  
  42  5:11  Zealot, Probe  
  42  5:12  Warp Gate  
  44  5:20  Immortal  
  45  5:22  Sentry  
  51  5:50  Immortal  
  51  5:56  Adept  
  53  6:00  Twilight Council  
  53  6:03  Zealot  
  59  6:05  Zealot x2  
  59  6:06  Zealot  
  65  6:29  Immortal  
  69  6:48  Charge  
  69  7:04  Observer  
  70  7:21  Zealot, Assimilator  
  70  7:23  Protoss Air Armor Level 1  
  70  7:25  Assimilator  
  70  7:29  Pylon  
  70  7:30  Pylon  
  70  7:47  Immortal  
  74  7:53  Stalker x3  
  80  8:10  Stalker x2  
  76  8:19  Immortal  
  74  8:25  Zealot x3  
  78  8:40  Zealot x2  
  70  8:57  Zealot x2  
  68  9:37  Nexus  
  68  9:40  Gateway  
  68  9:41  Gateway  
  68  9:43  Gateway  
  68  9:46  Immortal, Gateway  
  68  9:49  Zealot  
  68  9:50  Zealot x4  
  82  10:13  Stalker x2  
  86  10:19  Pylon  
  86  10:20  Pylon  
  86  10:23  Pylon  
  86  10:25  Pylon  
  86  10:37  Immortal  
  86  10:42  Stalker x3  
  85  10:43  Stalker  
  57  11:02  Stalker x5  
  67  11:16  Immortal  
  67  11:17  Zealot x3  
  67  11:18  Zealot  
  79  11:34  Forge  
  79  11:41  Pylon  
  79  11:44  Stalker x2  
  79  11:45  Stalker x5  
  79  11:46  Stalker x2  
  68  12:12  Zealot x4  
  68  12:13  Zealot x3  
  68  12:14  Zealot x2  
Show
View Real Time Build Order
Export as new Build Order

SandboX Zerg - Winner!

Build Orders: Hatch First 

Get SALT Encoding   

  12  0:02  Drone  
  13  0:09  Drone  
  14  0:16  Overlord  
  14  0:34  Drone x2  
  14  0:35  Drone  
  17  1:03  Drone x2  
  19  1:05  Hatchery  
  19  1:10  Extractor  
  17  1:15  Spawning Pool  
  17  1:18  Drone  
  17  1:28  Drone  
  18  1:37  Drone  
  19  1:43  Overlord  
  19  2:03  Zergling x4  
  19  2:05  Queen  
  23  2:12  Zergling x2  
  24  2:18  Queen  
  24  2:20  Metabolic Boost  
  26  2:30  Drone x3  
  29  2:55  Drone x3  
  32  2:59  Drone  
  32  3:00  Drone x2  
  32  3:02  Hatchery  
  34  3:07  Overlord  
  34  3:14  Queen  
  36  3:31  Drone x8  
  43  3:35  Overlord  
  43  3:44  Overlord x2  
  43  4:00  Roach Warren  
  43  4:02  Spore Crawler  
  41  4:04  Spore Crawler  
  40  4:11  Extractor  
  40  4:12  Extractor  
  38  4:22  Zergling x8  
  38  4:23  Zergling x6  
  45  4:36  Lair  
  45  4:42  Evolution Chamber x2  
  41  5:03  Drone x13  
  41  5:04  Drone x4  
  58  5:07  Overlord  
  58  5:13  Overlord  
  58  5:31  Drone x6  
  58  5:35  Extractor  
  63  5:38  Extractor  
  62  5:43  Zerg Ground Armor Level 1, Zerg Missile Weapons Level 1  
  62  5:44  Glial Reconstitution  
  62  5:48  Drone x4  
  66  5:57  Overseer  
  66  5:58  Overseer  
  66  6:10  Drone x3  
  69  6:16  Extractor  
  69  6:17  Drone x5  
  69  6:18  Drone x3  
  76  6:27  Hydralisk Den  
  76  6:28  Roach x7  
  89  6:44  Overlord x5  
  89  6:57  Muscular Augments  
  89  7:03  Roach x9  
  107  7:08  Overlord  
  107  7:09  Overlord x2  
  107  7:39  Roach x12  
  131  7:45  Hatchery  
  131  7:50  Hydralisk x4  
  131  7:51  Hydralisk  
  137  8:02  Hydralisk x4  
  126  8:17  Hydralisk x6  
  114  8:27  Overlord  
  114  8:28  Overlord x3  
  114  8:34  Roach x3  
  101  8:45  Roach x6  
  96  8:55  Hydralisk x3  
  92  9:06  Hydralisk x4  
  98  9:16  Drone x2  
  98  9:17  Drone x4  
  104  9:33  Queen  
  106  9:54  Overseer x4  
  106  9:56  Hydralisk x4  
  106  9:57  Hydralisk x5  
  124  10:08  Drone x7  
  131  10:20  Drone x6  
  137  10:28  Queen  
  132  10:42  Roach x2  
  132  10:43  Roach x7  
  128  10:54  Roach x4  
  128  10:55  Roach x2  
  140  10:59  Queen  
  140  11:45  Hydralisk  
  140  11:46  Hatchery, Hydralisk x9, Roach x3  
Tags
 
Add a new tag
Caveats
  • Supply blocks, unpowered buildings, or Contaminate may cause inaccurate times.
  • Supply counts are checked every 10 seconds.